 Dungeon Crawl Stone Soup version 0.23.1-37-gaa34b87 (webtiles) character file.

Game seed: 10360383684358504757

601 Irenicus the Digger (level 7, -1/55 HPs)
             Began as a Deep Dwarf Earth Elementalist on Mar 22, 2019.
             Was a Follower of Makhleb.
             Slain by a gnoll
             ... wielding a +0 halberd
              (7 damage)
             ... on level 6 of the Dungeon.
             The game lasted 00:14:02 (2368 turns).

Irenicus the Digger (Deep Dwarf Earth Elementalist) Turns: 2368, Time: 00:14:02

Health: -1/55      AC:  5    Str: 12    XL:     7   Next: 18%
Magic:  1/11       EV: 12    Int: 17    God:    Makhleb [*.....]
Gold:   80         SH:  0    Dex: 13    Spells: 7/13 levels left

rFire    . . .     SeeInvis .   j - +0 rapier
rCold    . . .     Gourm    .   (no shield)
rNeg     . . .     Faith    .   e - +0 leather armour
rPois    +         Spirit   .   (no helmet)
rElec    .         Reflect  .   b - +1 cloak {MR+}
rCorr    .         Harm     .   (no gloves)
MR       ++...                  (no boots)
Stlth    ++........             (no amulet)
HPRegen  0.00/turn              r - ring of poison resistance {rPois, !d}
MPRegen  0.12/turn              (no ring)

@: very slightly contaminated, non-regenerating
A: damage resistance, heal wounds, sense surroundings 1, no regeneration
a: Heal Wounds, Renounce Religion


You were on level 6 of the Dungeon.
You worshipped Makhleb.
Makhleb was aware of your devotion.
You were hungry.

You visited 2 branches of the dungeon, and saw 7 of its levels.
You also visited: Sewer.

You collected 80 gold pieces.

Inventory:

Hand Weapons
 j - a +0 rapier (weapon)
   (You found it on level 2 of the Dungeon)
 l - a +3 quarterstaff of chaos
   (You took it off Crazy Yiuf on level 3 of the Dungeon)
Missiles
 u - 14 stones (quivered)
Armour
 b - a +1 cloak of magic resistance (worn)
   (You took it off Crazy Yiuf on level 3 of the Dungeon)
 c - a +0 robe
 e - a +0 leather armour (worn)
   (You found it on level 1 of the Dungeon)
 m - a +0 buckler
   (You found it on level 2 of the Dungeon)
Jewellery
 h - an uncursed ring of fire {rF+, rC-}
   (You found it on level 1 of the Dungeon)
 r - a ring of poison resistance (left hand) {rPois, !d}
   (You found it on level 4 of the Dungeon)
Scrolls
 a - a scroll of amnesia {unknown}
 f - a scroll of random uselessness {unknown}
 g - 3 scrolls of teleportation
 i - 2 scrolls of identify
 k - 3 scrolls of remove curse {unknown}
 n - a scroll of enchant armour {unknown}
 o - a scroll of fear {unknown}
 p - a scroll of magic mapping {unknown}
Potions
 q - 3 potions of heal wounds
 s - a potion of haste {unknown}
 t - a potion of flight
 v - a potion of curing
Comestibles
 d - 4 rations


   Skills:
 + Level 4.8 Short Blades
 - Level 2.1 Dodging
 - Level 2.4 Stealth
 - Level 3.5 Spellcasting
 - Level 0.8 Transmutations
 - Level 6.4 Earth Magic


You had 7 spell levels left.
You knew the following spells:

 Your Spells              Type           Power        Failure   Level  Hunger
a - Sandblast             Erth           ###...       1%          1    None
w - Passwall              Tmut/Erth      ###.....     7%          2    ##.....
x - Stone Arrow           Conj/Erth      ##....       17%         3    ###....

Your spell library contained the following spells:

 Spells                   Type           Power        Failure   Level  Hunger
 Magic Dart               Conj           #...         22%         1    None
 Searing Ray              Conj           #.....       32%         2    ##.....
 Lee's Rapid Deconstruct  Erth           ###.......   38%         5    ######.
 Petrify                  Tmut/Erth      ###.....     43%         4    ####...
 Dazzling Spray           Conj/Hex       #.....       54%         3    ###....
 Force Lance              Conj/Tloc      #.......     91%         4    ####...
 Fulminant Prism          Conj/Hex       #.........   91%         4    ####...
 Iskenderun's Mystic Bla  Conj           #.......     91%         4    ####...


Dungeon Overview and Level Annotations

Branches:
Dungeon (6/15)             Temple (1/1) D:4

Altars:
Cheibriados
Elyvilon
Fedhas
Hepliaklqana
Kikubaaqudgha
Makhleb
Nemelex Xobeh
Okawaru
Qazlal
Ru
Uskayaw
Wu Jian
Zin
The Shining One
Lugonu

Shops:
D:5 *


Innate Abilities, Weirdness & Mutations

You are resistant to damage.
You can heal yourself by infusing magical energy.
You passively map a small area around you.
You do not regenerate.


Message History

Makhleb accepts your kill.
You now have 6/11 mp.
You see here a dart slug corpse.
You butcher the dart slug corpse.
You see here a chunk of flesh {@w0}.
Eating a chunk of flesh {@w0}.
You eat the chunk of flesh {@w0}.
As you open the door, it creaks loudly!
You hear a shout! x2
There is an open door here.
A goblin comes into view. It is wielding a +0 spear.
A goblin comes into view. It is wielding a +0 spear.
The goblin shouts!
Found an iron altar of Okawaru.
Aim: a goblin, wielding a +0 spear The stone arrow hits the goblin!
You kill the goblin!
Makhleb accepts your kill.
You now have 4/11 mp.
Aim: a goblin, wielding a +0 spear The stone arrow hits the goblin!
You kill the goblin!
Makhleb accepts your kill.
You are feeling hungry.
You now have 2/11 mp.
You open the door.
There is an open door here.
You open the door.
Found a ration.
Found a stone staircase leading down.
There is an open door here.
You open the door.
There is an open door here.
You see here 16 stones.
You see here 16 stones.
u - 16 stones Autopickup is now on.
You open the door.
There is an open door here.
You open the door.
Found a stone staircase leading down.
Found a stone staircase leading up.
There is an open door here.
There is a stone staircase leading down here.
You climb downwards.
A gnoll and an orc come into view.
The gnoll shouts!
The orc shouts!
There is a stone staircase leading up here.
An orc comes into view. It is wielding a +0 hand axe.
You see here a potion of curing.
v - a potion of curing The orc shouts!
You hear a shout! x2
An orc comes into view. It is wielding a +0 short sword.
Aim: an orc, wielding a +0 mace The stone arrow hits the orc!
You kill the orc!
Makhleb accepts your kill.
You feel better.
You now have 4/11 mp.
Aim: a gnoll You miscast Stone Arrow.
You are very lightly contaminated with residual magic.
Nothing appears to happen.
You now have 2/11 mp.
You don't have enough magic to cast that spell.
Unknown command.
Aim: a gnoll The blast of sand hits the gnoll.
u - 15 stones A frilled lizard comes into view.
You now have 1/11 mp.
You hit the gnoll. The gnoll hits you.
* * * LOW HITPOINT WARNING * * *
You take 1 damage, and have 9/55 hp.
You hit the gnoll. You hit the gnoll. The gnoll closely misses you.
You hit the gnoll.
You kill the gnoll!
Makhleb accepts your kill.
You hit the orc. The orc hits you with a +0 hand axe.
* * * LOW HITPOINT WARNING * * *
You take 5 damage, and have 4/55 hp.
You hit the orc. The orc hits you with a +0 hand axe.
Aim: an orc, wielding a +0 hand axe (moderately wounded)
The blast of sand hits the orc!
You kill the orc!
Makhleb accepts your kill.
You feel better.
u - 14 stones You now have 1/11 mp.
You barely miss the frilled lizard.
The frilled lizard bites you but does no damage.
You barely miss the frilled lizard.
The frilled lizard bites you but does no damage.
You puncture the frilled lizard!
You kill the frilled lizard!
Makhleb accepts your kill.
You feel better.
A frilled lizard, 2 gnolls and an orc come into view.
The gnoll shouts!
The orc shouts!
The frilled lizard hisses angrily.
You hear an angry hiss.
The gnoll hits you from afar with a +0 halberd!
You die...

, ........#.#
** ..?....[#.#
,** * ,
.g......#.# *
.o......#.# *
, ........#.#
* *
..$.)...#.# *
.....lg<#.#
o.......#.###*
,
........@...#
*
,..#####.#.#.#
* , # #.#.#.#
, #.#.# # , *
* #+#.#,, * ,
... , ,* , ,
...*,* , , *
..


You could see 2 gnolls, an orc and a frilled lizard.

Vanquished Creatures
  A phantom (D:4)
  A big kobold (Sewer)
  A bullfrog zombie (D:5)
  A crimson imp (D:5)
  2 orc priests (D:3)
  A jelly (D:5)
  Crazy Yiuf (D:3)
  An orc wizard (D:5)
  A worker ant (D:4)
  A hound skeleton (D:4)
  A worker ant zombie (D:5)
  A gnoll (D:6)
  6 adders
  2 dart slugs
  6 leopard geckos
  8 orcs
  9 bats
  8 giant cockroaches
  11 goblins
  12 hobgoblins
  3 jackals
  9 kobolds
  A quokka (D:3)
  A ball python (D:3)
  8 frilled lizards
  13 rats
110 creatures vanquished.

Vanquished Creatures (others)
  A fungus (D:3)
1 creature vanquished.

Grand Total: 111 creatures vanquished

Notes
Turn   | Place    | Note
-------+----------+-------------------------------------------
     0 | D:1      | Irenicus the Deep Dwarf Earth Elementalist began the quest
                  | for the Orb.
     0 | D:1      | Reached XP level 1. HP: 15/15 MP: 3/3
    71 | D:1      | Reached skill level 2 in Spellcasting
   178 | D:1      | Reached XP level 2. HP: 19/22 MP: 3/5
   250 | D:1      | Learned a level 2 spell: Passwall
   520 | D:2      | Reached XP level 3. HP: 21/28 MP: 6/6
   529 | D:2      | Found an ancient bone altar of Kikubaaqudgha.
   536 | D:2      | Reached skill level 5 in Earth Magic
   847 | D:2      | Reached XP level 4. HP: 25/36 MP: 4/8
   964 | D:3      | Found a blossoming altar of Fedhas.
   978 | D:3      | Reached skill level 3 in Spellcasting
  1046 | D:3      | Found a runed translucent door.
  1047 | D:3      | Noticed Crazy Yiuf
  1065 | D:3      | HP: 9/36 [Crazy Yiuf/+3 quarterstaff of chaos (5)]
  1072 | D:3      | Killed Crazy Yiuf
  1072 | D:3      | Reached skill level 6 in Earth Magic
  1072 | D:3      | Reached XP level 5. HP: 40/42 MP: 5/10
  1186 | D:3      | HP: 9/42 [kobold/+0 dagger (2)]
  1200 | D:3      | HP: 7/42 [adder (2)]
  1205 | D:3      | HP: 4/42 [adder (2)]
  1273 | D:3      | Noticed a phantom
  1375 | D:4      | Noticed a phantom
  1387 | D:4      | Learned a level 3 spell: Stone Arrow
  1407 | D:4      | HP: 6/42 [phantom (6)]
  1421 | D:4      | Killed a phantom
  1421 | D:4      | Reached skill level 2 in Short Blades
  1421 | D:4      | Reached XP level 6. HP: 7/49 MP: 2/11
  1457 | D:4      | HP: 6/49 [worker ant (1)]
  1540 | D:4      | Found a staircase to the Ecumenical Temple.
  1552 | Temple   | Entered the Ecumenical Temple
  1589 | Temple   | Became a worshipper of Makhleb the Destroyer
  1660 | D:4      | Found a white marble altar of Elyvilon.
  1732 | D:5      | Entered Level 5 of the Dungeon
  1732 | D:5      | Found a snail-covered altar of Cheibriados.
  1738 | D:5      | Reached skill level 3 in Short Blades
  1837 | D:5      | Found Feinkesa's Mayhem Merchandise.
  1944 | D:5      | Reached skill level 4 in Short Blades
  1986 | D:5      | HP: 11/49 [orc wizard/magic dart (2)]
  2026 | D:5      | Found a glowing drain.
  2040 | Sewer    | Entered a sewer
  2107 | Sewer    | Reached XP level 7. HP: 11/55 MP: 1/11
  2121 | Sewer    | HP: 9/55 [kobold (2)]
  2128 | Sewer    | Reached * piety under Makhleb
  2145 | Sewer    | Found a white marble altar of Elyvilon.
  2301 | D:5      | Found an iron altar of Okawaru.
  2357 | D:6      | HP: 9/55 [gnoll (1)]
  2362 | D:6      | HP: 4/55 [orc/+0 hand axe (5)]
  2368 | D:6      | Slain by a gnoll

Skill      XL: |  1  2  3  4  5  6 |
---------------+-------------------+-----
Spellcasting   | 2 3 |  3.5
Earth Magic    | 5 6 |  6.4
Short Blades   | 2 4 |  4.8
Dodging        | |  2.1
Stealth        | |  2.4
Transmutations | |  0.8

Action                   |  1- 3 |  4- 6 |  7- 9 || total
-------------------------+-------+-------+-------++-------
Melee: Short sword       |    27 |       |       ||    27
       Rapier            |    11 |   235 |    30 ||   276
 Cast: Sandblast         |    39 |    13 |     2 ||    54
       Passwall          |     5 |     7 |     1 ||    13
       Stone Arrow       |       |    15 |     6 ||    21
 Abil: Heal Wounds       |       |     4 |       ||     4
  Use: Potion            |       |     1 |     1 ||     2
       Scroll            |       |     1 |     2 ||     3
 Stab: Sleeping          |     2 |     3 |       ||     5
       Distracted        |     1 |       |       ||     1
  Eat: Chunk             |       |     7 |     1 ||     8
Armor: Robe              |     6 |       |       ||     6
       Leather armour    |     6 |    77 |     9 ||    92
Dodge: Dodged            |    48 |   163 |    24 ||   235

Levels and vault maps discovered:
D:1:      dpeg_arrival_simpleton_c, layout_basic
D:2:      layout_loops_cross, kiku_gazebo_garden_becter
D:3:      layout_basic, first_ration, hangedman_decor_peaks_small,
          fedhas_altar_3, uniq_crazy_yiuf_cottage
D:4:      layout_loops_corners, lemuel_doored_altar,
          minmay_temple_entry_slanted, hangedman_feature_mirror
D:5:      layout_gridville, kennysheep_okawaru_gauntlet,
          overflow_temple_1_default, portal_sewer_entry_f, minmay_shop_mayhem
D:6:      layout_basic, lemuel_crystal_altar, minmay_lizard_king
Temple:   kb_corrupted_temple
Sewer:    sewer_kobolds

Table legend:
 A = Turns spent in this place as a percentage of turns spent in the entire game.
 B = Non-inter-level travel turns spent in this place as a percentage of non-inter-level travel turns spent in the entire game.
 C = Inter-level travel turns spent in this place as a percentage of turns spent in this place.
 D = Turns resting spent in this place as a percentage of non-inter-level travel turns spent in this place.
 E = Turns spent auto-exploring this place as a percentage of non-inter-level travel turns spent in this place.
 F = Non-inter-level travel turns spent in this place divided by the number of levels of this place that you've seen.
                   A       B       C       D       E      F
               +-------+-------+-------+-------+-------+----------------------
         Total | 100.0 | 100.0 |   0.0 |   0.0 |   0.0 | 296.0
       Dungeon |  90.3 |  90.3 |   0.0 |   0.0 |   0.0 | 356.5
        Temple |   2.5 |   2.5 |   0.0 |   0.0 |   0.0 |  59.0
         Sewer |   7.2 |   7.2 |   0.0 |   0.0 |   0.0 | 170.0
               +-------+-------+-------+-------+-------+----------------------

Table legend:
 A = Kills in this place as a percentage of kills in entire the game.
 B = Kills by you in this place as a percentage of kills by you in the entire game.
 C = Kills by friends in this place as a percentage of kills by friends in the entire game.
 D = Other kills in this place as a percentage of other kills in the entire game.
 E = Experience gained in this place as a percentage of experience gained in the entire game.
 F = Experience gained in this place divided by the number of levels of this place that you have seen.
                   A       B       C       D       E      F
               +-------+-------+-------+-------+-------+----------------------
         Total | 100.0 | 100.0 |   N/A |   N/A | 100.0 | 107.4
       Dungeon |  90.0 |  90.0 |   N/A |   N/A |  87.7 | 125.5
         Sewer |  10.0 |  10.0 |   N/A |   N/A |  12.3 | 106.0
               +-------+-------+-------+-------+-------+----------------------
